AoeStats
← Alan

Coastal Forest

510360854Analyzed
2v2 RM · 2d ago on Sep 30, 2026· 25m 24s· 4 players
Game mode
Random Map
Map size
Medium (4 player)
Population
200
Speed
Normal
Resources
Standard
Victory
Conquest
Starting age
Dark Age
Ending age
Imperial Age
RankedLock teamsTeams togetherTeam positionsShared explorationLock speedFull tech treeHidden civsTurbo modeCheats
Victory
Defeat
🇺🇸 Portuguese · United States
1117
+17
🇪🇸 Turks · Spain
1060
+19
🇬🇧 Malians · United Kingdom
1128
-18
🇩🇪 Koreans · Germany
1124
-18
TheRealErpaco12
0:31 Loom
11:26 Feudal Age
12:49 Horse Collar
12:55 Double-Bit Axe
15:55 Scale Barding Armor
16:59 Bloodlines
17:58 Forging
26:04 Castle Age
24:47 Gold Mining
DrErChivo
0:30 Loom
11:58 Feudal Age
17:11 Castle Age
18:26 Double-Bit Axe
26:27 Wheelbarrow
Alan
7:59 Loom
10:06 Feudal Age
10:08 Man-at-Arms
10:43 Loom
11:19 Arson
22:20 Castle Age
22:26 Pikeman
23:09 Scale Mail Armor
26:29 Wheelbarrow
Salsa
8:00 Loom
10:52 Feudal Age
11:39 Double-Bit Axe
14:15 Fletching
18:31 Horse Collar
24:48 Castle Age
Connection lost

Rejoining the realm…

Still unreachable

The connection could not be restored.

Session expired

The server has moved on; the page needs a fresh start.